 Dungeon Crawl Stone Soup version 0.29.1 (webtiles) character file.

Game seed: 17773416764118279034

15 raph the Poker (level 2, 0/22 HPs)
             Began as a Merfolk Gladiator on Sept 14, 2022.
             Was a Follower of Dithmenos.
             Slain by Terence
             ... wielding a +0 flail
              (9 damage)
             ... on level 2 of the Dungeon.
             The game lasted 00:01:03 (1033 turns).

raph the Poker (Merfolk Gladiator)                  Turns: 1033, Time: 00:01:04

Health: 0/22       AC:  5    Str: 14    XL:     2   Next: 50%
Magic:  2/2        EV: 13    Int:  7    God:    Dithmenos [*.....]
Gold:   101        SH:  0    Dex: 15    Spells: 1/1 levels left

rFire   . . .      SeeInvis .   a - +0 trident
rCold   . . .      Faith    .   (no shield)
rNeg    . . .      Spirit   .   b - +0 leather armour
rPois   .          Reflect  .   c - +0 helmet
rElec   .          Harm     .   (no cloak)
rCorr   .          Rampage  .   m - +0 pair of gloves
Will    .....                   (no boots)
Stlth   +.........              (no amulet)
HPRegen 0.07/turn               (no ring)
MPRegen 0.08/turn               (no ring)

@: wreathed by umbra
A: (nimble swimmer 2), mertail
a: Renounce Religion


You were on level 2 of the Dungeon.
You worshipped Dithmenos.
Dithmenos was aware of your devotion.
You visited 1 branch of the dungeon, and saw 2 of its levels.

You collected 101 gold pieces.

Inventory:

Hand Weapons
 a - a +0 trident (weapon)
Missiles
 d - 3 throwing nets (quivered)
 e - a javelin
Armour
 b - a +0 leather armour (worn)
 c - a +0 helmet (worn)
 m - a +0 pair of gloves (worn)
Jewellery
 j - a +6 ring of dexterity
Scrolls
 f - a scroll of enchant weapon {unknown}
 h - a scroll of identify
 i - a scroll of poison {unknown}
Potions
 g - a potion of ambrosia
 k - 2 potions of heal wounds {unknown}
 l - a potion of lignification {unknown}
 n - a potion of cancellation {unknown}


   Skills:
 - Level 2.1 Fighting
 + Level 5.1 Polearms
 - Level 2.0 Throwing
 - Level 4.0 Dodging


You had one spell level left.
You didn't know any spells.
Your spell library was empty.

Dungeon Overview and Level Annotations

Branches:
Dungeon (2/15)

Altars:
Dithmenos

Annotations:
D:2 Terence


Innate Abilities, Weirdness & Mutations

((You are very nimble when in or above water. (Stealth+, EV+, Speed+++)))
Your lower body shifts to a powerful aquatic tail in water.


Message History

You barely miss the frilled lizard. The frilled lizard misses you.
You miss the frilled lizard.
The frilled lizard bites you but does no damage.
You closely miss the frilled lizard.
The frilled lizard bites you but does no damage.
You barely miss the frilled lizard. The frilled lizard misses you.
You barely miss Terence.
The frilled lizard bites you but does no damage.
Terence closely misses you.
You hit Terence but do no damage. The frilled lizard barely misses you.
Terence misses you.
You barely miss Terence. The frilled lizard misses you. Terence misses you.
You barely miss Terence. The frilled lizard closely misses you.
Terence hits you but does no damage.
You puncture Terence!
Terence is moderately wounded.
Terence barely misses you.
The frilled lizard bites you but does no damage.
You hit Terence but do no damage.
Terence is moderately wounded.
The frilled lizard bites you but does no damage.
Terence closely misses you.
The frilled lizard attacks as you move away!
The frilled lizard bites you but does no damage.
Terence attacks as you move away! Terence closely misses you.
You puncture the frilled lizard!
You kill the frilled lizard!
Dithmenos accepts your kill.
You barely miss Terence.
Terence is moderately wounded.
Terence closely misses you.
You hit Terence but do no damage.
Terence is moderately wounded.
Terence hits you with a +0 flail!
You hit Terence.
Terence is heavily wounded.
Terence looks scornfully at you. Terence hits you with a +0 flail.
Terence attacks as you move away! Terence hits you with a +0 flail!
You die...

#........
..>....
#####....
........# #
#†####.####
###.........
.#..r##.###.
#.##@#
#.###.##@# ..
#...#.##.# .
#.#.#.##.# ##.
#.#.#.##.# #..
##.#.#....#
#.#.##......####
#.#.........#
#.####......#
###.#####.#...#


You could see Terence and a rat.

Vanquished Creatures
  A dart slug (D:2)
  An endoplasm (D:1)
  A goblin (D:1)
  4 jackals (D:1)
  3 bats (D:1)
  A frilled lizard (D:2)
  A rat (D:1)
12 creatures vanquished.

Notes
Turn   | Place    | Note
-------+----------+-------------------------------------------
     0 | D:1      | raph the Merfolk Gladiator began the quest for the Orb.
     0 | D:1      | Reached XP level 1. HP: 16/16 MP: 1/1
    69 | D:1      | Reached XP level 2. HP: 17/22 MP: 2/2
   777 | D:1      | Found a faded altar of an unknown god.
   788 | D:1      | Prayed at the altar of an unknown god.
   788 | D:1      | Became a worshipper of Dithmenos the Shadowed
   788 | D:1      | Reached * piety under Dithmenos
   942 | D:2      | Reached skill level 5 in Polearms
  1013 | D:2      | Noticed Terence
  1033 | D:2      | Slain by Terence

Illustrated notes

Levels and vault maps discovered:
D:1:      amcnicky_arrival_flooded_fountain, layout_basic,
          dreamdust_ecumenical_altar_angels_and_demons, interstate_on_off
D:2:      layout_loops_ring, minmay_increasing_density, uniq_terence

Skill      XL: |  1  2 |
---------------+-------+-----
Polearms       | 5 |  5.1
Fighting       | |  2.1
Throwing       | |  2.0
Dodging        | |  4.0

Action                   || total
-------------------------++-------
Melee: Trident           ||    52
  Use: Scroll            ||     3
 Stab: Sleeping          ||     1
Armor: Leather armour    ||    21
Dodge: Dodged            ||    36
